 Dungeon Crawl Stone Soup version 0.19-a0-414-g76fec5b (webtiles) character file.

53 wvc the Covered (level 3, 0/26 HPs)
             Began as a Mummy Wanderer on May 31, 2016.
             Shot with a stone by a goblin (1 damage)
             ... led by Robin
             ... on level 1 of the Dungeon.
             The game lasted 00:05:15 (1873 turns).

wvc the Covered (Mummy Wanderer)                    Turns: 1873, Time: 00:05:16

Health: 0/26       AC:  7    Str: 15    XL:     3   Next: 62%
Magic:  3/3        EV: 10    Int: 13    God:
Gold:   80         SH:  0    Dex: 10    Spells: 0 memorised, 2 levels left

rFire  x . .     SeeInvis .     b - +2 blowgun
rCold  + . .     Gourm    .     c - +0 ring mail
rNeg   + + +     Faith    .     (no shield)
rPois  ∞         Spirit   .     (no helmet)
rElec  .         Dismiss  .     (no cloak)
rCorr  .         Reflect  .     f - +0 pair of gloves
SustAt .         Harm     .     (no boots)
MR     .....                    n - amulet of magic regeneration
Stlth  +.........               (no ring)
                                k - ring of stealth

@: very slightly contaminated, not resistant to hostile enchantments, very
unstealthy
A: no food or potions, fire vulnerability, cold resistance 1, negative energy
resistance 3, torment resistance, unbreathing
a: no special abilities


You were on level 1 of the Dungeon.
You were not hungry.

You visited 1 branch of the dungeon, and saw 2 of its levels.

You collected 80 gold pieces.

Inventory:

Hand Weapons
 b - a +2 blowgun (weapon)
 e - a +0 dagger
 g - a +0 whip
 m - a +0 short sword
Missiles
 a - a curare-tipped needle
 l - 11 poisoned needles (quivered)
Armour
 c - a +0 ring mail (worn)
 f - a +0 pair of gloves (worn)
Jewellery
 k - a ring of stealth (left hand)
 n - an amulet of magic regeneration (around neck)
Scrolls
 d - 2 scrolls of teleportation
 j - a scroll of magic mapping {unknown}
 o - a scroll of remove curse {unknown}


   Skills:
 - Level 1.0 Fighting
 + Level 2.3 Maces & Flails
   Level 1.5 Bows
 - Level 1.0 Throwing
 - Level 4.1 Armour
 - Level 1.0 Dodging
   Level 1.0 Shields


You had 2 spell levels left.
You didn't know any spells.

Dungeon Overview and Level Annotations

Branches:
Dungeon (2/15)

Altars:

Annotations:
D:1 Robin


Innate Abilities, Weirdness & Mutations

You do not eat or drink.
Your flesh is vulnerable to fire.
You are immune to poison.
Your flesh is cold resistant. (rC+)
You are immune to negative energy. (rN+++)
You are immune to unholy pain and torment.
You can survive without breathing.


Message History

Press: ? - help, Shift-Dir - straight line, f/p - Robin
Aim: Robin, wielding a mace, wearing an animal skin and wearing an encrusted helmet (severely wounded)
You shoot a poisoned needle. The poisoned needle hits Robin.
Robin is poisoned.
Robin is severely wounded.
Robin points. "Kill!"
Robin throws the goblin at you!
* * * LOW HITPOINT WARNING * * *
The goblin no longer looks unusually strong.
The goblin closely misses you.
The goblin wields an uncursed hunting sling.
The goblin shoots a stone.
The stone hits you.
* * * LOW HITPOINT WARNING * * *
You see here a stone.
Robin looks more healthy.
Robin roars a battlecry!
The goblin goes into a battle-frenzy!
The goblin shoots a stone.
The stone hits you but does no damage.
You see here a stone.
The goblin shoots a stone.
The stone hits you.
You die...

#..##...........#
#...............#
#.####..........# #.#
#..........# #.#
##+#'#######
#####.#####.#.#
#.(.(.......#.#
#.###(#######.#
#.#.@......##.#
#.###(..##.##.# #.#
#g(....##.# #.#
#...g####.####### #.#
#....# #........ #.#
#...###########.# #.#
#...###.(.....#.# #.#
#...#.'...<...'.#
#.###..(#.#.......###


You could see Robin and a goblin.

Vanquished Creatures
  An adder (D:1)
  An ooze (D:1)
  A dart slug (D:1)
  A giant gecko (D:1)
  A giant cockroach (D:1)
  3 hobgoblins (D:1)
  3 bats (D:1)
  3 giant newts (D:1)
  12 goblins (D:1)
  6 kobolds (D:1)
  4 rats (D:1)
36 creatures vanquished.

Notes
Turn   | Place    | Note
--------------------------------------------------------------
     0 | D:1      | wvc the Mummy Wanderer began the quest for the Orb.
     0 | D:1      | wvc set off with: a curare-tipped needle, a +2 blowgun, a +0 ring mail, a scroll of teleportation
     0 | D:1      | Reached XP level 1. HP: 15/15 MP: 1/1
     0 | D:1      | Wingboner: Лол, тебе тоже этот сет выпал.
     6 | D:1      | Wingboner: Я с него долго ржал, когда впервые сролил.
    29 | D:1      | Wingboner: 1 игла это неимоверное издевательство.
    29 | D:1      | wvc: на случай необходимости самоубийства
    29 | D:1      | Wingboner: Так ведь нельзя.
    29 | D:1      | wvc: как у того пососина один арбалетный болт
    30 | D:1      | Wingboner: А, можно.
    33 | D:1      | Wingboner: Это магией нельзя только, значит.
    33 | D:1      | wvc: так мумией всё равно нельзя
    33 | D:1      | Wingboner: Ну так-то да.
    33 | D:1      | Wingboner: У них ведь ещё и шанс сломаться высокий.
    33 | D:1      | wvc: ты вот скажи, дрейн от амулета харама на мумиях это законно?
    60 | D:1      | Wingboner: Да. И от богов тоже законно.
   194 | D:1      | Wingboner: И от любых вещей с *дрын.
   246 | D:1      | Reached skill level 1 in Dodging
   326 | D:1      | Reached XP level 2. HP: 12/21 MP: 2/2
   395 | D:1      | Reached skill level 1 in Maces & Flails
   653 | D:1      | Wingboner: Зато если хочешь набухаться — иди к еврейскому богу, любой каприз за твои деньги.
   921 | D:1      | Wingboner: Даже мумию напоит.
   931 | D:1      | Reached XP level 3. HP: 26/26 MP: 3/3
  1805 | D:2      | Noticed Robin
  1871 | D:1      | HP: 1/26 [goblin/stone[Robin] (1)]
  1873 | D:1      | Shot with a stone by a goblin

Vault maps used:
D:1:      minmay_arrival_up_and_down
D:2:      first_bread, uniq_robin

Skill      XL: |  1  2  3 |
---------------+----------+-----
Dodging        | 1 |  1.0
Maces & Flails | 1 2 |  2.3
Fighting       | |  1.0
Bows           | |  1.5
Throwing       | |  1.0
Armour         | |  4.1
Shields        | |  1.0

Action                   || total
-------------------------++-------
Melee: Dagger            ||   110
       Unarmed           ||     2
       Short sword       ||    61
 Fire: Blowgun           ||    19
  Use: Scroll            ||     3
Armor: Ring mail         ||    78
Dodge: Dodged            ||   111
